 Dungeon Crawl Stone Soup version 0.31-a0-149-g3fdcc5976a (webtiles) character file.

Game seed: 9282594891654180099

183 porpoise the Chopper (level 5, -7/48 HPs)
             Began as a Hill Orc Fighter on June 8, 2023.
             Was an Initiate of Qazlal.
             Mangled by a black bear (8 damage)
             ... on level 4 of the Dungeon.
             The game lasted 00:06:16 (2957 turns).

porpoise the Chopper (Hill Orc Fighter)             Turns: 2957, Time: 00:06:17

Health: -7/48      AC:  8    Str: 21    XL:     5   Next: 62%
Magic:  5/5        EV:  9    Int:  8    God:    Qazlal [......]
Gold:   140        SH:  4    Dex: 10    Spells: 4/4 levels left

rFire   . . .        a - +0 war axe
rCold   . . .        c - +0 buckler
rNeg    . . .        b - +0 scale mail
rPois   .            (no helmet)
rElec   .            s - +0 cloak
rCorr   .            (no gloves)
SInv    .            (no boots)
Will    +....        (no amulet) Stlth
                     o - ring of willpower
HPRegen 0.28/turn    (no ring)
MPRegen 0.09/turn

%: no passive effects
@: no status effects
A: no striking features
a: Renounce Religion


You were on level 4 of the Dungeon.
You worshipped Qazlal.
Qazlal was noncommittal.
You visited 1 branch of the dungeon, and saw 4 of its levels.

You collected 140 gold pieces.

Inventory:

Hand Weapons
 a - a +0 war axe (weapon)
 k - a +5 dagger of electrocution
Missiles
 i - 4 boomerangs
 m - 6 atropa-tipped darts
 r - 8 poisoned darts
Armour
 b - a +0 scale mail (worn)
 c - a +0 buckler (worn)
 s - a +0 cloak (worn)
Jewellery
 o - a ring of willpower (left hand)
 q - a ring of fire
Scrolls
 e - a scroll of amnesia {unknown}
 f - 2 scrolls of enchant armour {unknown}
 g - a scroll of brand weapon {unknown}
 j - a scroll of blinking {unknown}
 l - 2 scrolls of identify {unknown}
 n - a scroll of teleportation {unknown}
 w - a scroll of enchant weapon {unknown}
Potions
 d - 3 potions of might
 h - a potion of cancellation {unknown}
 p - a potion of ambrosia {unknown}
 t - a potion of lignification {unknown}
 u - a potion of degeneration {unknown}
 v - a potion of curing {unknown}


   Skills:
 + Level 5.1 Fighting
 * Level 6.3 Axes
 - Level 3.2 Armour
 - Level 3.2 Shields


You had 4 spell levels left.
You didn't know any spells.
Your spell library was empty.

Dungeon Overview and Level Annotations

Branches:
Dungeon (4/15)
 Temple: D:4-7

Altars:
Cheibriados
Kikubaaqudgha
Okawaru
Qazlal

Shops:
D:1 :


Message History

You hit the black bear.
The black bear is severely wounded.
The black bear goes berserk!
You hit the black bear.
The black bear is almost dead.
The black bear bites you!
* * * LOW HITPOINT WARNING * * *
The black bear claws you but does no damage.
The black bear barely misses you. You block the black bear's attack.
The black bear completely misses you. You block the black bear's attack.
You barely miss the black bear.
The black bear is almost dead.
The black bear barely misses you.
The black bear claws you but does no damage.
The black bear barely misses you.
The black bear bites you but does no damage.
The black bear claws you but does no damage.
The black bear closely misses you.
You hit the black bear.
The black bear is almost dead.
The black bear bites you but does no damage.
The black bear claws you but does no damage.
The black bear completely misses you.
You completely miss the black bear.
The black bear is almost dead.
The black bear bites you.
* * * LOW HITPOINT WARNING * * *
The black bear barely misses you. The black bear closely misses you.
The black bear bites you.
* * * LOW HITPOINT WARNING * * *
The black bear claws you but does no damage. x2
You barely miss the black bear.
The black bear is almost dead.
The black bear bites you but does no damage.
The black bear claws you.
* * * LOW HITPOINT WARNING * * *
The black bear claws you.
* * * LOW HITPOINT WARNING * * *
The black bear bites you!
You die...

#..#.....# ##.###....
...........###.........
....#..........†......
#...#.#...##........##
#...[.#....#..........
#........####+####...⌠
#.....<..# ....
##...##.# .## #..@#..#
.. ####h..####+#
#)......... #......$...
#.o...#......
#......#......
#..............
##...#.........
#..###.........


You could see a black bear (berserk).

Vanquished Creatures
  A hound (D:4)
  An iguana (D:4)
  Jessica (D:2)
  2 adders
  3 worms
  2 dart slugs
  2 orcs
  9 ball pythons
  4 endoplasms
  4 giant cockroaches
  5 goblins
  12 hobgoblins
  A quokka (D:2)
  7 bats
  4 frilled lizards
  7 kobolds
  3 rats
68 creatures vanquished.

Notes
Turn   | Place    | Note
-------+----------+-------------------------------------------
     0 | D:1      | porpoise the Hill Orc Fighter began the quest for the Orb.
     0 | D:1      | Reached XP level 1. HP: 19/19 MP: 1/1
     7 | D:1      | Found Biomm's Book Boutique.
    47 | D:1      | Reached skill level 3 in Axes
   149 | D:1      | Reached XP level 2. HP: 23/27 MP: 2/2
   389 | D:1      | Found a faded altar of an unknown god.
   810 | D:2      | Noticed Jessica
   819 | D:2      | Reached skill level 4 in Axes
   820 | D:2      | Reached XP level 3. HP: 33/33 MP: 3/3
   824 | D:2      | Killed Jessica
   917 | D:2      | Reached XP level 4. HP: 41/41 MP: 4/4
   946 | D:2      | Found an ancient bone altar of Kikubaaqudgha.
  1047 | D:2      | Reached skill level 5 in Axes
  2150 | D:3      | Found a stormy altar of Qazlal.
  2212 | D:3      | Became a worshipper of Qazlal Stormbringer
  2733 | D:4      | Reached XP level 5. HP: 39/47 MP: 5/5
  2864 | D:4      | Found a snail-covered altar of Cheibriados.
  2871 | D:4      | Found an iron altar of Okawaru.
  2892 | D:4      | Reached skill level 5 in Fighting
  2892 | D:4      | Reached skill level 6 in Axes
  2931 | D:4      | Noticed a black bear
  2957 | D:4      | HP: 1/48 [black bear (6)]
  2957 | D:4      | Mangled by a black bear

Illustrated notes

Levels and vault maps discovered:
D:1:      giann_horns, layout_basic, basic_ecumenical_altar, serial_shops, shop,
          kennysheep_nondescript
D:2:      layout_basic, basic_altar, minmay_tiny_reverse_x, uniq_jessica
D:3:      layout_loops_corners, mainiacjoe_overflow_brackets
D:4:      layout_cave_pools, lemuel_crystal_altar, led_xom_imps,
          nicolae_hepliaklqana_hippocampus, kennysheep_mini_moat,
          minmay_temple_entry_junction_2, kennysheep_generic_room_15

Skill      XL: |  1  2  3  4  5 |
---------------+----------------+-----
Axes           | 3 4 5 6 |  6.3
Fighting       | 4 5 |  5.1
Armour         | |  3.2
Shields        | |  3.2

Action                     |  1- 3 |  4- 6 || total
---------------------------+-------+-------++-------
  Melee: War axe           |    57 |   143 ||   200
 Armour: Scale mail        |    19 |    69 ||    88
  Dodge: Dodged            |    31 |    62 ||    93
  Block: Buckler           |    12 |    31 ||    43

Table legend: (Time is in decaauts)
 A = Elapsed time spent in this place.
 B = Non-inter-level travel time spent in this place.
 C = Inter-level travel time spent in this place.
 D = Time resting spent in this place.
 E = Time spent auto-exploring this place.
 F = Levels seen in this place.
 G = Mean time per level.
                   A        B        C        D        E       F      G
               +--------+--------+--------+--------+--------+-----+--------+
         Total |   3013 |   2954 |     59 |    411 |   2008 |   4 |  753.2 |
       Dungeon |   3013 |   2954 |     59 |    411 |   2008 |   4 |  753.2 |
               +--------+--------+--------+--------+--------+-----+--------+

Top non-repeatable levels by time:
     D:3: 1148 daAuts
     D:2: 821 daAuts
     D:1: 793 daAuts
     D:4: 250 daAuts
